 Dungeon Crawl Stone Soup version 0.29-a0-555-g3b24f45cc1 (webtiles) character file.

Game seed: 8577041778796645826

338 Rohain the Poker (level 6, -20/46 (47) HPs)
             Began as a Demonspawn Gladiator on June 7, 2022.
             Demolished by an ogre
             ... wielding a +0 giant club
              (29 damage)
             ... on level 4 of the Dungeon.
             The game lasted 00:04:42 (3150 turns).

Rohain the Poker (Demonspawn Gladiator)             Turns: 3150, Time: 00:04:43

HP:   -20/46 (47)   AC:  6    Str: 17    XL:     6   Next: 29%
MP:   8/8           EV: 13    Int:  9    God:
Gold: 127           SH:  0    Dex: 14    Spells: 5/8 levels left

rFire   . . .      SeeInvis .   a - +0 trident
rCold   . . .      Faith    .   (no shield)
rNeg    . . .      Spirit   .   b - +0 leather armour
rPois   .          Reflect  .   c - +0 helmet
rElec   .          Harm     .   (no cloak)
rCorr   .          Rampage  .   i - +1 pair of gloves
Will    .....                   (no boots)
Stlth   +.........              (no amulet)
HPRegen 0.15/turn               (no ring)
MPRegen 0.11/turn               (no ring)

@: lightly drained
A: powered by death 1
a: no special abilities


You were on level 4 of the Dungeon.
You visited 1 branch of the dungeon, and saw 4 of its levels.

You collected 127 gold pieces.

Inventory:

Hand Weapons
 a - a +0 trident (weapon)
Missiles
 e - 5 javelins (quivered)
Armour
 b - a +0 leather armour (worn)
 c - a +0 helmet (worn)
 i - a +1 pair of gloves (worn)
Wands
 q - a wand of iceblast (11)
Scrolls
 g - a scroll of teleportation
 h - 2 scrolls of fear
 j - 3 scrolls of poison
 k - 2 scrolls of magic mapping
Potions
 f - a potion of flight {unknown}
 l - a potion of berserk rage {unknown}
 m - a potion of brilliance {unknown}
 n - 2 potions of curing {unknown}
 o - 2 potions of haste {unknown}
 p - a potion of lignification {unknown}


   Skills:
 + Level 3.5 Fighting
 + Level 3.8 Polearms
 + Level 3.1 Throwing
 + Level 3.8 Dodging
 + Level 1.9 Spellcasting


You had 5 spell levels left.
You knew the following spells:

 Your Spells              Type           Power      Damage    Failure   Level
a - Beastly Appendage     Tmut           0%         N/A       38%         1
b - Wereblood             Tmut           0%         N/A       54%         2

Your spell library contained the following spells:

 Spells                   Type           Power      Damage    Failure   Level
 Spider Form              Tmut/Pois      0%         N/A       77%         3


Dungeon Overview and Level Annotations

Branches:
Dungeon (4/15)
 Temple: D:4-7

Altars:
Dithmenos
Nemelex Xobeh
Trog
Zin


Innate Abilities, Weirdness & Mutations

You regenerate a little health from kills.


Message History

The giant cockroach is heavily wounded.
The giant cockroach misses you.
You hit the giant cockroach but do no damage.
The giant cockroach is heavily wounded.
The giant cockroach closely misses you. The giant cockroach misses you.
You closely miss the giant cockroach.
The giant cockroach is heavily wounded.
The giant cockroach barely misses you.
You closely miss the giant cockroach.
The giant cockroach is heavily wounded.
The giant cockroach closely misses you.
You hit the giant cockroach.
You kill the giant cockroach!
You hit the ogre.
The ogre is lightly wounded.
The ogre closely misses you.
You barely miss the ogre.
The ogre is lightly wounded.
The ogre hits you with a +0 giant club!!
You hit the ogre.
The ogre is lightly wounded.
You barely miss the ogre.
The ogre is lightly wounded.
The ogre misses you.
You hit the ogre but do no damage.
The ogre is lightly wounded.
The ogre hits you with a +0 giant club!!
* * * LOW HITPOINT WARNING * * *
You are too injured to fight recklessly!
You are too injured to fight recklessly!
Throw: throwing net
Press: ? - help, Q - select action, (/) - cycle Shift-Dir - straight line, f - ogre
Aim: an ogre, wielding a +0 giant club (lightly wounded, 75% to hit)
You throw a throwing net.
The throwing net closely misses the ogre.
The throwing net hits the goblin.
The goblin is caught in the net!
The goblin struggles against the net.
The ogre hits you with a +0 giant club!!
Ouch! That really hurt!
You die...

#............# #............##
#....)(.......# #....†#######.#
#.....# #.# #.....# #.##
########..[..# #..#
.......#.....########.###########
..............gO@................
#......##############.###.####...
##'##### #######'###.####..# #.#
#.......)........## #S....g..
#.......))...##..## .........
.............###..# ###.S.....
####..........##... .).....
#............... .......
#......).##.....


You could see an ogre and a goblin (caught).

Vanquished Creatures
  A black bear (D:3)
  A phantom (D:4)
  A necrophage (D:4)
  An orc wizard (D:4)
  2 adders
  A dart slug (D:4)
  4 orcs
  3 bats
  5 endoplasms
  5 giant cockroaches
  9 goblins
  5 hobgoblins
  2 jackals (D:2)
  3 quokkas
  6 ball pythons
  3 frilled lizards
  4 kobolds
  7 rats
63 creatures vanquished.

Vanquished Creatures (others)
  2 plants (D:4)
2 creatures vanquished.

Grand Total: 65 creatures vanquished

Notes
Turn   | Place    | Note
-------+----------+-------------------------------------------
     0 | D:1      | Rohain the Demonspawn Gladiator began the quest for the
                  | Orb.
     0 | D:1      | Reached XP level 1. HP: 16/16 MP: 1/1
   160 | D:1      | Gained mutation: You regenerate a little health from kills.
                  | [demonic ancestry]
   160 | D:1      | Reached XP level 2. HP: 14/22 MP: 2/2
   971 | D:1      | Reached XP level 3. HP: 28/28 MP: 3/3
  2213 | D:3      | Noticed a black bear
  2236 | D:3      | Killed a black bear
  2237 | D:3      | Reached skill level 1 in Spellcasting
  2237 | D:3      | Reached XP level 4. HP: 33/35 MP: 3/5
  2237 | D:3      | Reached XP level 5. HP: 39/41 MP: 3/6
  2295 | D:3      | Found a bloodstained altar of Trog.
  2296 | D:3      | Found a sparkling altar of Nemelex Xobeh.
  2863 | D:3      | Learned a level 1 spell: Beastly Appendage
  2870 | D:4      | Noticed a phantom
  2872 | D:4      | Learned a level 2 spell: Wereblood
  2888 | D:4      | Killed a phantom
  2940 | D:4      | Found a shadowy altar of Dithmenos.
  2982 | D:4      | Reached XP level 6. HP: 47/47 MP: 8/8
  3150 | D:4      | Demolished by an ogre

Illustrated notes

Levels and vault maps discovered:
D:1:      minmay_arrival_checkered_box, layout_rooms
D:2:      layout_basic, basic_altar
D:3:      layout_loops_ring, nicolae_overflow_squiral, minmay_puff
D:4:      cheibrodos_old_hovel, layout_basic, nicolae_dithmenos_shadow_blocks,
          mainiacjoe_overflow_concentric_impassable,
          hellmonk_ghost_happy_afterlife, minmay_a_box_with_orc_wizards_in_it

Skill      XL: |  1  2  3  4  5 |
---------------+----------------+-----
Throwing       | 2 3 |  3.1
Dodging        | 3 |  3.8
Polearms       | 3 |  3.8
Fighting       | 3 |  3.5
Spellcasting   | 1 |  1.9

Action                   |  1- 3 |  4- 6 || total
-------------------------+-------+-------++-------
Melee: Trident           |   150 |   107 ||   257
       Punch             |     1 |     2 ||     3
Throw: Throwing net      |     3 |     1 ||     4
  Use: Scroll            |     7 |     2 ||     9
       Potion            |     1 |       ||     1
 Stab: Sleeping          |     2 |       ||     2
       Held in net/web   |     2 |       ||     2
Armor: Leather armour    |    44 |    23 ||    67
Dodge: Dodged            |    95 |    70 ||   165

Table legend: (Time is in decaauts)
 A = Elapsed time spent in this place.
 B = Non-inter-level travel time spent in this place.
 C = Inter-level travel time spent in this place.
 D = Time resting spent in this place.
 E = Time spent auto-exploring this place.
 F = Levels seen in this place.
 G = Mean time per level.
                   A        B        C        D        E       F      G
               +--------+--------+--------+--------+--------+-----+--------+
         Total |   3186 |   3142 |     44 |    540 |   2011 |   4 |  796.5 |
       Dungeon |   3186 |   3142 |     44 |    540 |   2011 |   4 |  796.5 |
               +--------+--------+--------+--------+--------+-----+--------+

Top non-repeatable levels by time:
     D:2: 1071 daAuts
     D:1: 1068 daAuts
     D:3: 755 daAuts
     D:4: 290 daAuts
